 Dungeon Crawl Stone Soup version 0.30-a0-800-g7c544603b3 (webtiles) character file.

Game seed: 4704010745390418173

1516 mistaj the Trooper (level 8, -3/44 HPs)
             Began as a Vine Stalker Fighter on Feb 21, 2023.
             Was an Initiate of Gozag.
             Slain by a wyvern (5 damage)
             ... on level 9 of the Dungeon.
             The game lasted 00:08:06 (3727 turns).

mistaj the Trooper (Vine Stalker Fighter)           Turns: 3727, Time: 00:08:07

Health: -3/44      AC:  8    Str: 21    XL:     8   Next: 83%
Magic:  0/9        EV: 10    Int:  8    God:    Gozag
Gold:   595        SH:  5    Dex: 14    Spells: 7/7 levels left

rFire   . . .      SeeInvis +    j - +2 hand axe (heavy)
rCold   . . .      Faith    .    c - +0 buckler
rNeg    . . .      Spirit   +    p - +3 leather armour
rPois   .          Reflect  .    y - +0 helmet
rElec   .          Harm     .    l - +0 cloak
rCorr   .          Rampage  .    (no gloves)
Will    +....                    (no boots)
Stlth   +                        h - amulet of regeneration
HPRegen 1.87/turn                u - ring of see invisible
MPRegen 0.11/turn                (no ring)

@: lethally poisoned (-3 -> -3), gold aura
A: fangs 3, regeneration 1, magic shield, antimagic bite, no potion heal 2
a: Renounce Religion, Potion Petition, Call Merchant, Bribe Branch


You were on level 9 of the Dungeon.
You worshipped Gozag.
Gozag was pleased with you.
You visited 1 branch of the dungeon, and saw 7 of its levels.

You collected 633 gold pieces.
You paid 38 gold pieces to Gozag.

Inventory:

Hand Weapons
 a - a +0 war axe
 j - a +2 heavy hand axe (weapon)
Armour
 c - a +0 buckler (worn)
 l - a +0 cloak (worn)
 n - a scarf of shadows
 p - a +3 leather armour (worn)
 y - a +0 helmet (worn)
Jewellery
 h - an amulet of regeneration (around neck)
 u - a ring of see invisible (left hand)
Wands
 A - a wand of charming (16)
 C - a wand of flame (15)
 G - a wand of iceblast (14)
Scrolls
 e - a scroll of identify
 f - 2 scrolls of magic mapping {unknown}
 g - 2 scrolls of teleportation {unknown}
 k - a scroll of summoning {unknown}
 v - 6 scrolls of immolation {unknown}
 w - a scroll of poison {unknown}
 E - a scroll of amnesia {unknown}
 F - a scroll of enchant weapon {unknown}
 H - a scroll of fog {unknown}
Potions
 b - a potion of berserk rage
 d - 3 potions of might
 i - 3 potions of flight
 m - 4 potions of curing
 o - a potion of attraction
 q - a potion of ambrosia
 r - 2 potions of haste
 s - a potion of magic {unknown}
 t - a potion of invisibility {unknown}
 z - 2 potions of mutation
 B - a potion of lignification {unknown}
 D - a potion of brilliance {unknown}


   Skills:
 + Level 6.2 Fighting
 + Level 5.9 Axes
 - Level 2.4 Armour
 + Level 6.2 Shields


You had 7 spell levels left.
You didn't know any spells.
Your spell library contained the following spells:

 Spells                   Type           Power      Damage    Failure   Level
 Kiss of Death            Conj/Necr      0%         2d5       54%         1
 Summon Small Mammal      Summ           0%         N/A       54%         1
 Ensorcelled Hibernation  Hex/Ice        0%         N/A       67%         2
 Passwall                 Tmut/Erth      0%         N/A       67%         2
 Call Canine Familiar     Summ           0%         N/A       88%         3
 Confusing Touch          Hex            0%         N/A       88%         3
 Summon Guardian Golem    Hex/Summ       0%         N/A       88%         3
 Swiftness                Air            0%         N/A       88%         3
 Dispel Undead            Necr           0%         3d6       99%         4


Dungeon Overview and Level Annotations

Branches:
Dungeon (6/15)             Temple (0/1) D:5

Altars:
Ashenzari
Dithmenos
Gozag
Ru
Yredelemnul

Shops:
D:3 :


Innate Abilities, Weirdness & Mutations

You have razor-sharp teeth.
Your natural rate of healing is unusually fast.
When hurt, damage is shared between your health and your magic reserves.
Your bite disrupts and absorbs the magic of your enemies.
Potions cannot restore your health.


Message History

You slash the killer bee!
The killer bee is heavily wounded.
You feel very sick. The killer bee stings you.
You block the killer bee's attack. The killer bee stings you.
You are more poisoned.
The killer bee poisons you!
You closely miss the killer bee. You bite the killer bee. You drain its power.
You feel invigorated.
The killer bee is severely wounded.
You feel very sick. The killer bee stings you.
You are more poisoned.
The killer bee poisons you!
The killer bee stings you but does no damage.
The killer bee closely misses you.
You slash the killer bee!
You kill the killer bee!
You feel very sick.
The wyvern bites you but does no damage.
You barely miss the wyvern. You bite the wyvern! You drain its power.
You feel invigorated.
The wyvern is moderately wounded.
You feel very sick. The wyvern barely misses you. The wyvern bites you!
* * * LOW HITPOINT WARNING * * *
The wyvern bites you.
* * * LOW HITPOINT WARNING * * *
You hit the wyvern.
The wyvern is heavily wounded.
You feel very sick. The wyvern bites you.
* * * LOW HITPOINT WARNING * * *
The wyvern bites you but does no damage.
You closely miss the wyvern.
The wyvern is heavily wounded.
You feel very sick. The wyvern bites you!
You die...
Your body crumbles into a pile of gold.

########### ###########
.y........# #.........#
..........# #.........#
..........### #.........#
..........'.#####.........#
..........#.l@..'.........#
..........#######.........#
..........# #.........#
..........# #######+###
..........# ##+########


You could see a wyvern.

Vanquished Creatures
  Eustachio (D:5)
  Menkaure (D:5)
  An ice beast (D:5)
  2 phantoms (D:4)
  A gnoll sergeant (D:5)
  3 scorpions
  4 killer bees (D:9)
  3 hounds
  A jelly (D:5)
  2 orc priests (D:5)
  Jessica (D:3)
  Ijyb (D:3)
  Natasha (thrice) (D:2)
  An iguana (D:5)
  Robin (D:3)
  7 gnolls (D:5)
  7 adders
  3 worms
  2 dart slugs (D:1)
  8 orcs
  8 endoplasms
  6 giant cockroaches
  15 goblins
  12 hobgoblins
  16 jackals
  2 quokkas
  8 ball pythons
  6 bats
  3 frilled lizards (D:1)
  5 kobolds
  11 rats
145 creatures vanquished.

Notes
Turn   | Place    | Note
-------+----------+-------------------------------------------
     0 | D:1      | mistaj the Vine Stalker Fighter began the quest for the
                  | Orb.
     0 | D:1      | Reached XP level 1. HP: 11/11 MP: 2/2
   156 | D:1      | Reached XP level 2. HP: 12/16 MP: 3/3
   598 | D:1      | Reached XP level 3. HP: 20/20 MP: 4/4
   996 | D:2      | Noticed Natasha
  1001 | D:2      | Killed Natasha
  1002 | D:2      | Gained mutation: Your natural rate of healing is unusually
                  | fast. [Vine Stalker growth]
  1002 | D:2      | Reached XP level 4. HP: 9/24 MP: 1/5
  1220 | D:2      | Noticed Natasha
  1228 | D:2      | Killed Natasha
  1229 | D:2      | Reached XP level 5. HP: 28/29 MP: 4/6
  1422 | D:2      | Noticed Natasha
  1424 | D:2      | Killed Natasha
  1581 | D:3      | Found a broken altar of Ashenzari.
  1581 | D:3      | Found a basalt altar of Yredelemnul.
  1582 | D:3      | Found an opulent altar of Gozag.
  1589 | D:3      | Became a worshipper of Gozag Ym Sagoz the Greedy
  1634 | D:3      | Noticed Jessica
  1637 | D:3      | Killed Jessica
  1716 | D:3      | Noticed Robin
  1723 | D:3      | Reached XP level 6. HP: 33/33 MP: 7/7
  1742 | D:3      | Killed Robin
  1878 | D:3      | Noticed Ijyb
  1887 | D:3      | Killed Ijyb
  1920 | D:3      | Found Emeclonn's Book Emporium.
  2208 | D:4      | Identified the +1 leather armour "Tetao" {rCorr}
  2244 | D:4      | Reached XP level 7. HP: 38/38 MP: 6/8
  2605 | D:4      | Found a shadowy altar of Dithmenos.
  2620 | D:5      | Entered Level 5 of the Dungeon
  2620 | D:5      | Found a staircase to the Ecumenical Temple.
  2659 | D:5      | Found a sacrificial altar of Ru.
  2706 | D:5      | Reached skill level 5 in Fighting
  2706 | D:5      | Reached skill level 5 in Shields
  2715 | D:5      | Noticed Menkaure
  2722 | D:5      | Killed Menkaure
  2896 | D:5      | Noticed Eustachio
  2951 | D:5      | Reached skill level 5 in Axes
  2951 | D:5      | Gained mutation: You have razor-sharp teeth. [Vine Stalker
                  | growth]
  2951 | D:5      | Reached XP level 8. HP: 37/44 MP: 3/9
  2973 | D:5      | Killed Eustachio
  3677 | D:6      | You fall into a shaft and drop 3 floors!
  3700 | D:9      | Noticed a wyvern
  3726 | D:9      | HP: 2/44 [wyvern (1)]
  3727 | D:9      | Slain by a wyvern

Illustrated notes

Levels and vault maps discovered:
D:1:      scummos_arrival_hexagon, layout_basic, corner_web_ring,
          wander_ebering_terrifying_dragon_lair
D:2:      layout_rooms, minmay_box_of_dots, uniq_natasha
D:3:      layout_loops_ring, gammafunk_temple_overflow_forgotten, serial_shops,
          nicolae_shop_window_shopping, minmay_diced_spiral, uniq_jessica,
          uniq_robin, uniq_ijyb
D:4:      layout_basic, kennysheep_mini
D:5:      layout_loops_ring, lemuel_doored_altar, minmay_temple_entry_glass,
          serial_park_tiny_pond, kennysheep_cluttered_room,
          kennysheep_generic_room_2, uniq_menkaure, uniq_eustachio
D:6:      cheibrodos_fzero, layout_rooms, ebering_ghost_xom
D:9:      layout_roguey, uniq_pikel

Skill      XL: |  1  2  3  4  5  6  7  8 |
---------------+-------------------------+-----
Axes           | 2 3 4 5 |  5.9
Shields        | 3 4 5 6 |  6.2
Fighting       | 3 4 5 6 |  6.2
Armour         | |  2.4

Action                     |  1- 3 |  4- 6 |  7- 9 || total
---------------------------+-------+-------+-------++-------
  Melee: War axe           |    21 |       |       ||    21
         Bite              |    16 |    21 |    31 ||    68
         Hand axe          |    39 |   133 |   110 ||   282
    Use: Scroll            |       |       |     8 ||     8
   Stab: Distracted        |       |     1 |     1 ||     2
 Armour: Scale mail        |    36 |     3 |       ||    39
         Leather armour    |       |    48 |    51 ||    99
  Dodge: Dodged            |    30 |    74 |    97 ||   201
  Block: Buckler           |     5 |    27 |    44 ||    76

Table legend: (Time is in decaauts)
 A = Elapsed time spent in this place.
 B = Non-inter-level travel time spent in this place.
 C = Inter-level travel time spent in this place.
 D = Time resting spent in this place.
 E = Time spent auto-exploring this place.
 F = Levels seen in this place.
 G = Mean time per level.
                   A        B        C        D        E       F      G
               +--------+--------+--------+--------+--------+-----+--------+
         Total |   3926 |   3781 |    145 |    305 |   2051 |   7 |  560.9 |
       Dungeon |   3926 |   3781 |    145 |    305 |   2051 |   7 |  560.9 |
               +--------+--------+--------+--------+--------+-----+--------+

Top non-repeatable levels by time:
     D:5: 1096 daAuts
     D:1: 921 daAuts
     D:3: 707 daAuts
     D:2: 634 daAuts
     D:4: 504 daAuts
     D:9: 60 daAuts
